Map: Polka LE

Players

Eparcyl

  • Race: Protoss Protoss
  • League: Diamond
  • Spawn Location: 11:00

SupoSatan

  • Race: Zerg Zerg
  • Spawn Location: 11:00

Massa

  • Race: Terran Terran
  • League: Platinum
  • Spawn Location: 5:00

qqq

  • Race: Zerg Zerg
  • Spawn Location: 5:00

VOD

Have the link to the VOD?

Description

Time

  • Played on: Feb. 8, 2021, 12:17 p.m.
  • Length: 11:47
Show
View Real Time Build Order
Export as new Build Order

Eparcyl Protoss 

Build Orders: 1 Gate Expand, Blink Stalkers 

Get SALT Encoding   

  12  0:00  Probe  
  13  0:12  Probe  
  14  0:20  Pylon  
  14  0:24  Probe  
  15  0:38  Probe (Chrono Boost)  
  15  0:39  Gateway  
  16  0:49  Assimilator  
  17  0:50  Probe (Chrono Boost)  
  17  0:58  Probe (Chrono Boost)  
  18  1:07  Probe  
  19  1:23  Probe  
  20  1:30  Cybernetics Core  
  20  1:37  Nexus  
  20  1:45  Probe  
  21  1:57  Probe  
  21  1:59  Pylon  
  22  2:11  Assimilator  
  22  2:14  Adept (Chrono Boost)  
  22  2:19  Warp Gate  
  22  2:21  Probe  
  25  2:33  Probe  
  25  2:34  Stalker (Chrono Boost)  
  28  2:45  Probe  
  29  2:52  Twilight Council  
  29  2:54  Probe (Chrono Boost)  
  31  2:59  Probe (Chrono Boost)  
  31  3:00  Stalker  
  33  3:07  Probe (Chrono Boost)  
  35  3:15  Probe (Chrono Boost)  
  35  3:18  Robotics Facility  
  35  3:19  Probe (Chrono Boost)  
  35  3:25  Probe  
  37  3:43  Blink (Chrono Boost)  
  37  3:53  Shield Battery  
  37  3:54  Shield Battery  
  37  3:56  Shield Battery  
  37  3:58  Pylon  
  37  4:01  Gateway  
  37  4:02  Gateway  
  37  4:04  Gateway  
  37  4:08  Immortal (Chrono Boost)  
  41  4:20  Pylon  
  41  4:39  Stalker  
  41  4:40  Probe  
  41  4:42  Probe  
  44  4:46  Pylon  
  44  4:57  Observer  
  44  4:58  Stalker x3  
  51  5:00  Probe  
  51  5:05  Probe  
  53  5:07  Assimilator  
  53  5:09  Assimilator  
  53  5:12  Probe  
  54  5:15  Stalker  
  54  5:17  Probe, Forge  
  57  5:24  Probe  
  58  5:29  Probe, Stalker x2  
  63  5:36  Probe  
  65  5:42  Probe  
  65  5:43  Zealot  
  65  5:44  Zealot  
  65  5:48  Probe, Pylon  
  70  5:54  Protoss Ground Weapons Level 1 (Chrono Boost)  
  70  5:56  Pylon  
  70  6:01  Pylon  
  70  6:13  Stalker x4  
  70  6:17  Probe  
  79  6:28  Probe  
  79  6:32  Pylon  
  79  6:38  Immortal (Chrono Boost), Stalker  
  79  6:39  Probe (Chrono Boost), Stalker  
  84  6:45  Pylon  
  89  6:51  Probe (Chrono Boost)  
  89  6:54  Probe (Chrono Boost)  
  89  6:55  Robotics Bay  
  90  7:02  Probe  
  91  7:09  Probe  
  91  7:13  Observer  
  93  7:17  Gateway  
  93  7:18  Gateway  
  93  7:23  Charge  
  93  7:25  Probe  
  93  7:27  Pylon  
  93  7:29  Photon Cannon  
  94  7:51  Colossus  
  100  8:07  Nexus  
  100  8:10  Pylon  
  100  8:25  Probe  
  100  8:26  Protoss Ground Weapons Level 2  
  101  8:28  Extended Thermal Lance  
  101  8:32  Shield Battery  
  101  8:34  Shield Battery  
  101  8:36  Assimilator  
  101  8:41  Assimilator  
  101  8:42  Colossus (Chrono Boost)  
  101  8:45  Zealot x6  
  101  8:46  Probe  
  120  9:01  Probe  
  121  9:06  Photon Cannon  
  121  9:09  Photon Cannon  
  121  9:13  Probe  
  122  9:18  Probe  
  122  9:22  Probe  
  124  9:30  Stalker x5  
  124  9:31  Probe, Stalker  
  136  9:34  Colossus (Chrono Boost)  
  136  9:35  Probe  
  138  9:40  Probe  
  138  9:45  Probe (Chrono Boost)  
  140  9:48  Pylon  
  140  9:49  Pylon  
  141  9:56  Probe (Chrono Boost)  
  129  10:17  Colossus  
  133  10:25  Probe  
  134  10:30  Gateway  
  134  10:33  Gateway  
  130  10:37  Gateway  
  130  10:48  Stalker x4  
  138  11:00  Probe  
  138  11:01  Pylon  
  137  11:04  Stalker x2  
  137  11:05  Pylon  
  133  11:20  Stalker x4  
  141  11:41  Stalker x2  
  141  11:42  Stalker x3  
  141  11:46  Pylon  
Show
View Real Time Build Order
Export as new Build Order

SupoSatan Zerg 

Build Orders: Hatch First, Zergling Baneling 

Get SALT Encoding   

  12  0:00  Drone  
  13  0:09  Drone  
  14  0:20  Overlord  
  14  0:38  Drone x3  
  17  0:54  Hatchery  
  16  0:57  Drone  
  16  1:03  Drone  
  18  1:12  Extractor  
  18  1:13  Drone  
  18  1:19  Spawning Pool  
  18  1:23  Drone  
  18  1:32  Drone  
  19  2:08  Queen x2  
  19  2:11  Overlord  
  19  2:14  Drone  
  24  2:17  Zergling x4  
  24  2:21  Metabolic Boost  
  26  2:24  Drone x2  
  28  2:36  Drone x2  
  30  2:38  Drone  
  31  2:44  Drone  
  31  2:49  Hatchery  
  31  2:55  Drone x2  
  33  3:02  Overlord  
  33  3:11  Baneling Nest  
  33  3:12  Drone x2  
  34  3:22  Drone x2  
  34  3:26  Queen  
  38  3:28  Drone x3  
  38  3:32  Drone  
  38  3:33  Drone  
  43  3:48  Zergling x2  
  44  3:49  Overlord  
  44  3:50  Overlord x2  
  43  4:01  Zergling x2  
  43  4:02  Zergling x8  
  48  4:10  Baneling x3  
  48  4:11  Baneling x2  
  48  4:12  Zergling x4  
  50  4:18  Zergling x2  
  50  4:19  Zergling x2  
  45  4:32  Zergling x2  
  45  4:34  Baneling  
  45  4:35  Baneling x3  
  45  4:38  Zergling x2  
  45  4:39  Zergling x8  
  45  4:43  Baneling x4  
  45  4:44  Zergling x2  
  51  4:46  Zergling x2  
  52  4:53  Zergling x2  
  53  5:09  Zergling x6  
  56  5:14  Hatchery  
  55  5:22  Zergling x2  
  55  5:23  Zergling x12  
  55  5:27  Hatchery, Queen  
  63  5:33  Zergling x2  
  63  5:34  Zergling x2  
  65  5:49  Zergling x4  
  68  5:50  Zergling x2  
  68  5:53  Lair  
  67  6:12  Zergling x2  
  67  6:14  Overlord x3  
  68  6:38  Zergling x2  
  68  6:39  Zergling x12  
  72  6:44  Queen  
  74  6:47  Drone x7  
  81  6:56  Drone x9  
  90  7:09  Overlord x4  
  90  7:16  Drone  
  90  7:17  Drone x2  
  90  7:20  Extractor  
  90  7:22  Drone, Extractor  
  92  7:23  Drone x3  
  92  7:24  Zergling x14  
  102  7:38  Drone x3  
  105  7:51  Zergling x10  
  101  7:52  Zergling x16  
  113  8:01  Centrifical Hooks  
  113  8:04  Zergling x2  
  113  8:05  Zergling x10  
  119  8:12  Extractor  
  118  8:13  Zergling x2  
  118  8:14  Zergling x4  
  121  8:23  Hydralisk Den  
  121  8:24  Spore Crawler  
  119  8:27  Spore Crawler  
  119  8:30  Spore Crawler  
  117  8:45  Zergling x2  
  117  8:46  Zergling x34  
  117  8:47  Overlord  
  117  8:48  Overlord x2  
  135  8:57  Spore Crawler x2  
  135  8:59  Spore Crawler  
  135  9:02  Spore Crawler  
  128  9:05  Queen x2  
  128  9:06  Queen, Spore Crawler  
  128  9:07  Queen  
  111  9:26  Baneling x3  
  111  9:27  Baneling x7  
  111  9:28  Baneling x5  
  111  9:31  Baneling x2  
  111  9:32  Baneling x7  
  111  9:33  Baneling  
  111  9:34  Zergling x2  
  111  9:35  Zergling x22  
  123  9:41  Queen  
  121  10:00  Zergling x12  
  91  10:32  Zergling x2  
  91  10:33  Zergling x34  
  97  10:46  Zergling x2  
  97  10:47  Zergling x12  
  87  11:19  Zergling x2  
  87  11:20  Zergling x28  
  101  11:26  Zergling x6  
  101  11:31  Hatchery  
Show
View Real Time Build Order
Export as new Build Order

Massa Terran 

Build Orders:  

Get SALT Encoding   

  12  0:00  SCV  
  13  0:12  SCV  
  14  0:21  Supply Depot  
  14  0:24  SCV  
  15  0:38  Refinery  
  15  0:43  SCV  
  15  0:45  Barracks  
  16  0:55  SCV  
  17  1:07  SCV  
  18  1:19  SCV  
  19  1:31  SCV  
  20  1:34  Barracks, Supply Depot  
  20  1:38  Barracks Tech Lab  
  20  1:44  Orbital Command  
  20  1:56  Factory  
  20  2:01  Marauder  
  22  2:10  SCV  
  23  2:21  Marine  
  23  2:22  Marine  
  25  2:27  Supply Depot  
  25  2:34  Stimpack  
  25  2:39  Hellion, Marine  
  25  2:40  Marine  
  29  2:58  Marauder, Marine  
  32  3:01  Hellion, Supply Depot  
  34  3:15  Marine  
  34  3:19  Marauder  
  37  3:22  Widow Mine  
  39  3:28  Command Center  
  39  3:33  Marine  
  40  3:39  SCV  
  40  3:40  Marine  
  42  3:43  Widow Mine  
  42  3:45  Supply Depot  
  44  3:51  Marine  
  45  3:58  Marine  
  45  4:01  SCV  
  47  4:06  Widow Mine  
  47  4:08  Refinery  
  47  4:09  Marine  
  50  4:15  Marine  
  43  4:37  Marauder, Marine  
  46  4:49  Hellion  
  46  4:51  SCV  
  49  4:53  Orbital Command  
  49  4:55  Marine  
  49  4:59  Marauder  
  52  5:02  Combat Shield  
  52  5:03  SCV  
  52  5:07  Engineering Bay  
  53  5:12  Marine  
  54  5:15  SCV  
  54  5:18  Starport  
  54  5:20  Marauder  
  57  5:27  SCV  
  58  5:35  Factory Tech Lab  
  58  5:37  Barracks Reactor  
  58  5:39  SCV  
  58  5:41  Marauder  
  62  5:50  Refinery, SCV  
  62  5:52  SCV, Barracks  
  62  5:54  Barracks  
  62  5:55  Medivac  
  65  6:02  SCV  
  65  6:04  SCV  
  67  6:14  SCV  
  67  6:16  SCV  
  69  6:26  SCV  
  70  6:43  Barracks Tech Lab  
  70  6:49  Supply Depot  
  70  6:50  Supply Depot  
  70  6:55  Barracks Reactor  
  70  7:11  SCV, Marauder, Marine x2, Siege Tank  
  70  7:12  SCV  
  79  7:18  Starport Reactor, Ghost Academy  
  79  7:24  SCV  
  79  7:27  Command Center  
  79  7:28  Marine x2  
  83  7:30  SCV  
  83  7:32  Concussive Shells  
  83  7:33  Marauder  
  83  7:34  Marine  
  86  7:41  Supply Depot x2  
  86  7:44  SCV, Marine  
  86  8:02  SCV x2, Marine, Siege Tank  
  86  8:03  Marauder x2  
  96  8:14  SCV x2, Terran Infantry Weapons Level 1  
  96  8:15  Refinery  
  98  8:24  Marauder  
  98  8:25  Marauder  
  98  8:27  SCV x2  
  102  8:38  Marine x4, Siege Tank  
  109  8:45  Marauder, Medivac x2  
  109  8:46  Marauder  
  109  8:48  Supply Depot x3  
  117  8:53  Orbital Command  
  117  8:57  Refinery  
  117  9:06  Engineering Bay  
  117  9:09  Marine x5  
  122  9:11  Supply Depot  
  122  9:12  Supply Depot  
  122  9:13  Supply Depot  
  122  9:15  Medivac x2  
  118  9:27  Marine  
  118  9:28  Siege Tank  
  118  9:30  Marauder x2  
  124  9:45  Medivac  
  124  9:48  Terran Infantry Armor Level 1  
  124  9:51  Marauder x2  
  130  9:55  SCV x3  
  133  10:00  Siege Tank  
  131  10:07  SCV x2  
  131  10:08  Refinery  
  95  10:15  Marauder x2, Marine x2  
  95  10:16  Marine  
  93  10:33  Siege Tank  
  82  10:37  Marauder  
  56  10:57  Barracks x4  
  56  10:58  Barracks  
  26  11:46  Barracks  
  26  11:47  Barracks  
Show
View Real Time Build Order
Export as new Build Order

qqq Zerg 

Build Orders: Hatch First 

Get SALT Encoding   

  12  0:00  Drone  
  13  0:09  Drone  
  14  0:17  Overlord  
  14  0:46  Drone  
  15  0:50  Hatchery, Drone  
  15  0:55  Drone  
  16  0:59  Drone  
  17  1:20  Spawning Pool  
  17  1:21  Extractor  
  17  1:24  Drone x2  
  17  1:32  Drone  
  18  1:47  Drone  
  18  1:48  Extractor  
  18  1:55  Drone  
  18  1:59  Extractor  
  19  2:03  Drone  
  20  2:09  Queen  
  20  2:10  Queen  
  20  2:11  Drone  
  25  2:22  Drone  
  26  2:25  Overlord  
  26  2:28  Overlord  
  26  2:29  Drone  
  27  2:35  Zergling x2  
  28  2:44  Drone  
  29  2:46  Zergling x2  
  29  2:51  Drone  
  31  2:55  Metabolic Boost  
  31  2:57  Zergling x2  
  32  2:59  Drone  
  33  3:08  Zergling x2  
  33  3:11  Zergling x2  
  35  3:18  Lair  
  35  3:20  Drone  
  35  3:24  Zergling x4  
  35  3:25  Hatchery  
  37  3:27  Zergling x2  
  37  3:33  Overlord  
  38  3:34  Zergling x2  
  38  3:36  Zergling x2  
  38  3:40  Zergling x2  
  41  3:43  Zergling x2  
  41  3:45  Zergling x2  
  43  3:55  Zergling x6  
  46  3:56  Zergling x2  
  46  3:57  Zergling x4  
  49  4:03  Zergling x2  
  49  4:04  Drone, Zergling x2  
  49  4:08  Overlord  
  49  4:35  Zergling x8  
  49  4:36  Drone x3  
  49  4:37  Drone  
  57  4:45  Drone x3  
  57  4:52  Drone, Spire  
  58  5:02  Drone x2, Baneling Nest  
  58  5:03  Drone x2  
  58  5:05  Extractor  
  58  5:06  Extractor  
  59  5:10  Extractor  
  59  5:11  Drone  
  60  5:14  Drone  
  60  5:22  Drone x3  
  60  5:24  Drone  
  64  5:29  Hatchery  
  64  5:33  Overseer  
  63  5:36  Pneumatized Carapace  
  63  5:42  Drone x2  
  65  5:44  Overlord x2  
  65  5:45  Overlord x2  
  65  5:52  Spore Crawler  
  64  6:00  Baneling x4  
  64  6:01  Baneling x2  
  64  6:02  Baneling  
  53  6:13  Drone x5  
  53  6:14  Drone x4  
  61  6:35  Zergling x8  
  61  6:36  Drone, Zergling x2  
  61  6:37  Drone x3  
  66  6:41  Mutalisk x3  
  66  6:44  Drone x3  
  66  6:45  Drone  
  76  6:52  Extractor  
  76  6:54  Extractor, Zerg Flyer Weapons Level 1  
  74  6:56  Drone x2  
  76  7:03  Mutalisk  
  76  7:04  Overlord x3  
  76  7:06  Drone x2  
  80  7:13  Queen  
  80  7:14  Drone x2  
  84  7:20  Spine Crawler  
  84  7:21  Spore Crawler  
  84  7:22  Drone  
  83  7:23  Extractor  
  83  7:24  Mutalisk x2  
  83  7:29  Drone x2  
  88  7:36  Hatchery  
  87  7:37  Infestation Pit  
  87  7:40  Drone x2  
  88  7:45  Spore Crawler  
  87  7:53  Drone x2  
  87  7:54  Mutalisk x3  
  95  8:02  Mutalisk  
  97  8:06  Drone x2  
  97  8:09  Drone  
  100  8:13  Infestor  
  100  8:15  Zergling x6  
  100  8:16  Zergling x4  
  100  8:17  Drone  
  108  8:25  Drone  
  108  8:26  Drone  
  110  8:31  Drone  
  110  8:33  Extractor  
  110  8:43  Drone x2  
  110  8:44  Mutalisk x5  
  109  9:27  Drone  
  109  9:28  Drone x8  
  118  9:38  Hive  
  116  9:40  Drone x3  
  116  9:44  Spore Crawler  
  118  9:46  Spine Crawler x2  
  118  9:52  Drone x2  
  118  10:02  Evolution Chamber  
  118  10:03  Evolution Chamber  
  115  10:07  Hatchery  
  115  10:09  Spire  
  97  10:24  Spine Crawler  
  97  10:25  Spine Crawler  
  97  10:26  Spine Crawler x3  
  97  10:27  Mutalisk x2  
  96  10:28  Zergling x2  
  96  10:29  Spine Crawler, Zergling x10  
  96  10:30  Zergling x18  
  96  10:31  Drone x2, Zergling x8  
  116  10:41  Roach Warren  
  115  10:45  Zergling x16  
  115  10:46  Zergling x2  
  115  10:47  Zergling x2  
  125  10:50  Baneling x4  
  125  10:51  Baneling x9  
  125  10:52  Baneling  
  125  10:54  Mutalisk  
  125  10:55  Mutalisk x2  
  125  10:56  Mutalisk  
  125  10:57  Mutalisk  
  110  11:06  Hatchery  
  99  11:12  Zergling x2  
  99  11:13  Mutalisk x2, Zergling x12  
  99  11:14  Mutalisk x2  
  103  11:19  Mutalisk x3  
  103  11:20  Mutalisk  
Tags
 
Add a new tag
Caveats
  • Supply blocks, unpowered buildings, or Contaminate may cause inaccurate times.
  • Supply counts are checked every 10 seconds.